Wild vs Rangers

Created - September 10 2007 at 19:17

Simulating a Pre-Season

Goals
1 2 3 T
Wild 0 1 2 3
Rangers 1 1 2 4
Shots
1 2 3 T
Wild 12 7 13 32
Rangers 11 11 11 33

Period #1

1. Rangers , Rod Brind'Amour 1 (Teemu Selanne, Karel Rachunek) at 1:27

Penalities :
Jean-Pierre Vigier (MIN) for Hooking (Minor) at 3:52, Wes Walz (MIN) for Tripping (Minor) at 6:00

Period #2

2. Wild , Marian Gaborik 1 (Martin Straka, Filip Kuba) at 17:43
3. Rangers , Sergei Zubov 1 (Brendan Shanahan, Joe Corvo) at 19:07 (PP)

Penalities :
Wes Walz (MIN) for Interference (Minor) at 1:31, Filip Kuba (MIN) for Holding (Minor) at 5:57, Brendan Shanahan (NYR) for Tripping (Minor) at 8:31, Radim Vrbata (NYR) for Hooking (Minor) at 9:32, Keith Carney (MIN) for Diving (Minor) at 9:40, Brian Rolston (MIN) for Hooking (Minor) at 18:37

Period #3

4. Rangers , Teemu Selanne 1 (Rod Brind'Amour, Karel Rachunek) at 5:31
5. Rangers , Teemu Selanne 2 (Rod Brind'Amour) at 11:40
6. Wild , Chris Higgins 1 (Filip Kuba, Olli Jokinen) at 16:06
7. Wild , Marian Gaborik 2 (Filip Kuba, Olli Jokinen) at 18:15

Penalities :
Mark Bell (NYR) for Slashing (Minor) at 7:13, Duncan Keith (MIN) for Holding (Minor) at 12:24

Goalie Stats

Manny Fernandez (MIN), 8 saves from 9 shots - (0.889), L, 0-1-0, 13:38 minutes
Manny Legace (MIN), 21 saves from 24 shots - (0.875), 45:31 minutes
Henrik Lundqvist (NYR), 29 saves from 32 shots - (0.906), W, 1-0-0, 60:00 minutes

Players Stats

Wild
Player Name              G  A  P  +/- PIM S  H  SB FO MP 
-----------------------------------------------------------
Brian Rolston            0  0  0  -1  2   5  2  0  3  22 
Chris Higgins            1  0  1  -1  0   5  1  0  0  18 
Duncan Keith             0  0  0  -2  2   0  2  4  0  18 
Filip Kuba               0  3  3   2  2   0  1  1  0  20 
Jean-Pierre Vigier       0  0  0   0  2   1  4  0  2  19 
Keith Carney             0  0  0   0  2   0  1  0  0  20 
Kim Johnsson             0  0  0  -2  0   1  0  4  0  20 
Kurtis Foster            0  0  0   0  0   0  0  0  0  19 
Marian Gaborik           2  0  2   1  0   6  1  1  0  17 
Martin Straka            0  1  1   1  0   1  4  1  0  20 
Mathieu Schneider        0  0  0   1  0   0  0  1  0  20 
Mikael Samuelsson        0  0  0   0  0   1  1  0  1  19 
Nick Schultz             0  0  0   0  0   0  0  0  0  0  
Olli Jokinen             0  2  2   2  0   4  1  1  25 23 
Pavol Demitra            0  0  0  -2  0   3  0  0  28 21 
Sean Hill                0  0  0   1  0   0  1  4  0  10 
Trevor Linden            0  0  0   0  0   0  0  0  0  0  
Wes Walz                 0  0  0   0  4   5  0  0  18 19 
Rangers
Player Name              G  A  P  +/- PIM S  H  SB FO MP 
-----------------------------------------------------------
Arron Asham              0  0  0  -1  0   1  2  0  12 16 
Brendan Shanahan         0  1  1  -1  2   3  3  0  5  20 
Bryan Mccabe             0  0  0   1  0   2  1  2  0  24 
Dan Cleary               0  0  0   0  0   1  0  0  7  15 
Darius Kasparaitis       0  0  0   0  0   0  2  1  0  19 
Jan Bulis                0  0  0   0  0   2  1  0  4  18 
Jarkko Immonen           0  0  0   1  0   0  0  0  1  16 
Joe Corvo                0  1  1   0  0   1  0  0  0  11 
Karel Rachunek           0  2  2   1  0   1  1  1  0  22 
Mark Bell                0  0  0   0  2   2  1  0  3  15 
Martin St. Louis         0  0  0  -1  0   4  3  0  0  13 
Matt Cullen              0  0  0   0  0   0  0  0  6  5  
Michal Rozsival          0  0  0  -1  0   1  1  1  0  23 
Owen Nolan               0  0  0   0  0   0  2  0  1  13 
Radim Vrbata             0  0  0   0  2   1  1  0  14 17 
Rod Brind'Amour          1  2  3   1  0   5  2  0  24 22 
Sergei Zubov             1  0  1  -1  0   2  0  3  0  22 
Teemu Selanne            2  1  3   1  0   7  1  0  0  21 

3 Stars

1 - Teemu Selanne (NYR)
2 - Rod Brind'Amour (NYR)
3 - Marian Gaborik (MIN)

Power Play

Wild - 0 on 3 Attempt(s) - 0.00%
Rangers - 1 on 7 Attempt(s) - 14.29%

Penalty Kill

Wild - 6 on 7 Attempt(s) - 85.71% - Score 0 goal in Penalty Kill
Rangers - 3 on 3 Attempt(s) - 100.00% - Score 0 goal in Penalty Kill

Game Notes

Manny Fernandez enters game at 5:31 of 3rd period

Play by Play

Period #1

0:01 of 1st period - Arron Asham wins face-off versus Olli Jokinen in neutral zone.
0:36 of 1st period - Shot by Olli Jokinen.
0:36 of 1st period - Stopped by Henrik Lundqvist without a rebound.
0:37 of 1st period - Rod Brind'Amour wins face-off versus Pavol Demitra in Rangers zone.
0:46 of 1st period - Shot by Rod Brind'Amour.
0:46 of 1st period - Deflect By Teemu Selanne.
0:46 of 1st period - Stopped by Manny Legace without a rebound.
0:47 of 1st period - Wes Walz wins face-off versus Radim Vrbata in Wild zone.
0:58 of 1st period - Shot by Mikael Samuelsson.
0:58 of 1st period - Deflect By Wes Walz.
0:58 of 1st period - Stopped by Henrik Lundqvist without a rebound.
0:59 of 1st period - Rod Brind'Amour wins face-off versus Pavol Demitra in Rangers zone.
1:01 of 1st period - Icing by Karel Rachunek.
1:02 of 1st period - Rod Brind'Amour wins face-off versus Pavol Demitra in Rangers zone.
1:08 of 1st period - Teemu Selanne is hit by Brian Rolston and loses puck.
1:25 of 1st period - Shot by Teemu Selanne.
1:25 of 1st period - Shot Misses the Net.
1:27 of 1st period - Shot by Rod Brind'Amour.
1:27 of 1st period - Goal by Rod Brind'Amour - Wild : 0 - Rangers : 1.
1:28 of 1st period - Arron Asham wins face-off versus Olli Jokinen in neutral zone.
1:41 of 1st period - Shot by Olli Jokinen.
1:41 of 1st period - Shot Misses the Net.
2:48 of 1st period - Icing by Karel Rachunek.
2:49 of 1st period - Rod Brind'Amour wins face-off versus Wes Walz in Rangers zone.
2:49 of 1st period - Rod Brind'Amour is hit by Jean-Pierre Vigier.
3:34 of 1st period - Shot by Mark Bell.
3:34 of 1st period - Shot Misses the Net.
3:46 of 1st period - Wes Walz is hit by Mark Bell and loses puck.
3:52 of 1st period - Minor Penalty to Jean-Pierre Vigier for Hooking.
3:53 of 1st period - Dan Cleary wins face-off versus Brian Rolston in Rangers zone.
4:14 of 1st period - Shot by Sergei Zubov.
4:14 of 1st period - Shot Misses the Net.
4:16 of 1st period - Shot by Owen Nolan.
4:16 of 1st period - Shot Blocked by Kim Johnsson.
4:20 of 1st period - Shot by Sergei Zubov.
4:20 of 1st period - Shot Blocked by Sean Hill.
4:22 of 1st period - Shot by Brendan Shanahan.
4:22 of 1st period - Stopped by Manny Legace with a rebound.
4:24 of 1st period - Shot by Dan Cleary.
4:24 of 1st period - Shot Misses the Net.
4:28 of 1st period - Shot by Dan Cleary.
4:28 of 1st period - Shot Blocked by Martin Straka.
4:30 of 1st period - Shot by Dan Cleary.
4:30 of 1st period - Shot Misses the Net.
4:32 of 1st period - Shot by Dan Cleary.
4:32 of 1st period - Shot Blocked by Sean Hill.
4:34 of 1st period - Shot by Joe Corvo.
4:34 of 1st period - Stopped by Manny Legace with a rebound.
4:58 of 1st period - Shot by Bryan Mccabe.
4:58 of 1st period - Shot Blocked by Mathieu Schneider.
5:15 of 1st period - Shot by Rod Brind'Amour.
5:15 of 1st period - Shot Blocked by Duncan Keith.
5:31 of 1st period - Shot by Sergei Zubov.
5:31 of 1st period - Stopped by Manny Legace without a rebound.
5:32 of 1st period - Rod Brind'Amour wins face-off versus Pavol Demitra in Wild zone.
6:00 of 1st period - Minor Penalty to Wes Walz for Tripping.
6:01 of 1st period - Olli Jokinen wins face-off versus Dan Cleary in Wild zone.
6:12 of 1st period - Shot by Sergei Zubov.
6:12 of 1st period - Shot Blocked by Duncan Keith.
6:30 of 1st period - Shot by Sergei Zubov.
6:30 of 1st period - Shot Misses the Net.
6:42 of 1st period - Olli Jokinen is hit by Owen Nolan and loses puck.
7:48 of 1st period - Shot by Radim Vrbata.
7:48 of 1st period - Shot Blocked by Kim Johnsson.
7:50 of 1st period - Shot by Martin St. Louis.
7:50 of 1st period - Shot Blocked by Sean Hill.
7:52 of 1st period - Shot by Martin St. Louis.
7:52 of 1st period - Stopped by Manny Legace without a rebound.
7:53 of 1st period - Pavol Demitra wins face-off versus Jan Bulis in Wild zone.
7:53 of 1st period - Martin Straka is hit by Michal Rozsival and loses puck.
8:08 of 1st period - Shot by Wes Walz.
8:08 of 1st period - Stopped by Henrik Lundqvist without a rebound.
8:09 of 1st period - Jan Bulis wins face-off versus Wes Walz in Rangers zone.
8:18 of 1st period - Wes Walz is hit by Radim Vrbata and loses puck.
9:43 of 1st period - Shot by Rod Brind'Amour.
9:43 of 1st period - Stopped by Manny Legace without a rebound.
9:44 of 1st period - Brendan Shanahan wins face-off versus Pavol Demitra in Wild zone.
9:51 of 1st period - Shot by Brendan Shanahan.
9:51 of 1st period - Stopped by Manny Legace without a rebound.
9:52 of 1st period - Pavol Demitra wins face-off versus Matt Cullen in Wild zone.
9:52 of 1st period - Pavol Demitra is hit by Arron Asham.
9:58 of 1st period - Shot by Pavol Demitra.
9:58 of 1st period - Stopped by Henrik Lundqvist without a rebound.
9:59 of 1st period - Wes Walz wins face-off versus Arron Asham in Rangers zone.
10:00 of 1st period - Shot by Jean-Pierre Vigier.
10:00 of 1st period - Stopped by Henrik Lundqvist without a rebound.
10:01 of 1st period - Wes Walz wins face-off versus Arron Asham in Rangers zone.
10:01 of 1st period - Jean-Pierre Vigier is hit by Brendan Shanahan and loses puck.
10:13 of 1st period - Shot by Jean-Pierre Vigier.
10:13 of 1st period - Shot Misses the Net.
10:17 of 1st period - Shot by Mikael Samuelsson.
10:17 of 1st period - Stopped by Henrik Lundqvist without a rebound.
10:18 of 1st period - Rod Brind'Amour wins face-off versus Olli Jokinen in Rangers zone.
11:16 of 1st period - Shot by Chris Higgins.
11:16 of 1st period - Shot Blocked by Sergei Zubov.
11:20 of 1st period - Shot by Brian Rolston.
11:20 of 1st period - Stopped by Henrik Lundqvist without a rebound.
11:21 of 1st period - Wes Walz wins face-off versus Radim Vrbata in Rangers zone.
11:46 of 1st period - Shot by Mark Bell.
11:46 of 1st period - Shot Misses the Net.
13:04 of 1st period - Shot by Martin St. Louis.
13:04 of 1st period - Stopped by Manny Legace without a rebound.
13:05 of 1st period - Olli Jokinen wins face-off versus Mark Bell in Wild zone.
13:39 of 1st period - Shot by Marian Gaborik.
13:39 of 1st period - Stopped by Henrik Lundqvist with a rebound.
14:40 of 1st period - Shot by Martin St. Louis.
14:40 of 1st period - Stopped by Manny Legace without a rebound.
14:41 of 1st period - Matt Cullen wins face-off versus Pavol Demitra in Wild zone.
14:41 of 1st period - Dan Cleary is hit by Duncan Keith and loses puck.
14:48 of 1st period - Shot by Owen Nolan.
14:48 of 1st period - Shot Blocked by Kim Johnsson.
15:00 of 1st period - Shot by Chris Higgins.
15:00 of 1st period - Stopped by Henrik Lundqvist without a rebound.
15:01 of 1st period - Olli Jokinen wins face-off versus Arron Asham in Rangers zone.
15:53 of 1st period - Teemu Selanne is hit by Mikael Samuelsson and loses puck.
16:47 of 1st period - Shot by Brian Rolston.
16:47 of 1st period - Stopped by Henrik Lundqvist without a rebound.
16:48 of 1st period - Olli Jokinen wins face-off versus Radim Vrbata in Rangers zone.
16:53 of 1st period - Shot by Marian Gaborik.
16:53 of 1st period - Stopped by Henrik Lundqvist with a rebound.
17:51 of 1st period - Shot by Martin St. Louis.
17:51 of 1st period - Stopped by Manny Legace without a rebound.
17:52 of 1st period - Matt Cullen wins face-off versus Jean-Pierre Vigier in Wild zone.
17:53 of 1st period - Shot by Owen Nolan.
17:53 of 1st period - Shot Misses the Net.
18:19 of 1st period - Off-side.
18:20 of 1st period - Pavol Demitra wins face-off versus Radim Vrbata in neutral zone.
18:38 of 1st period - Shot by Brian Rolston.
18:38 of 1st period - Deflect By Pavol Demitra.
18:38 of 1st period - Shot Misses the Net.
18:46 of 1st period - Shot by Michal Rozsival.
18:46 of 1st period - Shot Blocked by Duncan Keith.
18:58 of 1st period - Shot by Chris Higgins.
18:58 of 1st period - Stopped by Henrik Lundqvist with a rebound.
19:25 of 1st period - Shot by Jean-Pierre Vigier.
19:25 of 1st period - Shot Hit the Post.
19:38 of 1st period - Jean-Pierre Vigier is hit by Brendan Shanahan and loses puck.

Period #2

0:01 of 2nd period - Olli Jokinen wins face-off versus Brendan Shanahan in neutral zone.
0:01 of 2nd period - Marian Gaborik is hit by Brendan Shanahan and loses puck.
0:13 of 2nd period - Icing by Filip Kuba.
0:14 of 2nd period - Rod Brind'Amour wins face-off versus Olli Jokinen in Wild zone.
0:37 of 2nd period - Shot by Olli Jokinen.
0:37 of 2nd period - Shot Blocked by Karel Rachunek.
0:40 of 2nd period - Icing by Rod Brind'Amour.
0:41 of 2nd period - Rod Brind'Amour wins face-off versus Pavol Demitra in Rangers zone.
0:43 of 2nd period - Karel Rachunek is hit by Brian Rolston and loses puck.
1:24 of 2nd period - Shot by Pavol Demitra.
1:24 of 2nd period - Shot Hit the Post.
1:31 of 2nd period - Minor Penalty to Wes Walz for Interference.
1:32 of 2nd period - Dan Cleary wins face-off versus Pavol Demitra in Rangers zone.
2:47 of 2nd period - Shot by Teemu Selanne.
2:47 of 2nd period - Shot Misses the Net.
3:11 of 2nd period - Shot by Sergei Zubov.
3:11 of 2nd period - Shot Blocked by Sean Hill.
3:17 of 2nd period - Shot by Dan Cleary.
3:17 of 2nd period - Stopped by Manny Legace without a rebound.
3:18 of 2nd period - Olli Jokinen wins face-off versus Rod Brind'Amour in Wild zone.
3:29 of 2nd period - Shot by Teemu Selanne.
3:29 of 2nd period - Shot Misses the Net.
3:31 of 2nd period - Shot by Karel Rachunek.
3:31 of 2nd period - Shot Hit the Post.
3:33 of 2nd period - Shot by Michal Rozsival.
3:33 of 2nd period - Stopped by Manny Legace without a rebound.
3:34 of 2nd period - Radim Vrbata wins face-off versus Wes Walz in Wild zone.
3:34 of 2nd period - Jan Bulis is hit by Jean-Pierre Vigier and loses puck.
3:37 of 2nd period - Shot by Mark Bell.
3:37 of 2nd period - Stopped by Manny Legace without a rebound.
3:38 of 2nd period - Wes Walz wins face-off versus Arron Asham in Wild zone.
3:51 of 2nd period - Shot by Wes Walz.
3:51 of 2nd period - Stopped by Henrik Lundqvist without a rebound.
3:52 of 2nd period - Rod Brind'Amour wins face-off versus Olli Jokinen in Rangers zone.
3:52 of 2nd period - Rod Brind'Amour is hit by Martin Straka.
4:02 of 2nd period - Shot by Teemu Selanne.
4:02 of 2nd period - Stopped by Manny Legace without a rebound.
4:03 of 2nd period - Wes Walz wins face-off versus Radim Vrbata in Wild zone.
4:38 of 2nd period - Shot by Radim Vrbata.
4:38 of 2nd period - Deflect By Jan Bulis.
4:38 of 2nd period - Stopped by Manny Legace with a rebound.
4:41 of 2nd period - Icing by Kurtis Foster.
4:42 of 2nd period - Rod Brind'Amour wins face-off versus Wes Walz in Wild zone.
5:11 of 2nd period - Shot by Rod Brind'Amour.
5:11 of 2nd period - Shot Misses the Net.
5:24 of 2nd period - Teemu Selanne is hit by Keith Carney and loses puck.
5:39 of 2nd period - Mikael Samuelsson is hit by Martin St. Louis and loses puck.
5:55 of 2nd period - Martin St. Louis is hit by Filip Kuba and loses puck.
5:57 of 2nd period - Minor Penalty to Filip Kuba for Holding.
5:58 of 2nd period - Pavol Demitra wins face-off versus Dan Cleary in Wild zone.
8:02 of 2nd period - Shot by Mark Bell.
8:02 of 2nd period - Stopped by Manny Legace with a rebound.
8:04 of 2nd period - Shot by Radim Vrbata.
8:04 of 2nd period - Stopped by Manny Legace without a rebound.
8:05 of 2nd period - Olli Jokinen wins face-off versus Brendan Shanahan in Wild zone.
8:05 of 2nd period - Martin Straka is hit by Martin St. Louis and loses puck.
8:13 of 2nd period - Olli Jokinen is hit by Arron Asham and loses puck.
8:25 of 2nd period - Olli Jokinen is hit by Martin St. Louis and loses puck.
8:31 of 2nd period - Minor Penalty to Brendan Shanahan for Tripping.
8:32 of 2nd period - Pavol Demitra wins face-off versus Mark Bell in Rangers zone.
8:41 of 2nd period - Shot by Brian Rolston.
8:41 of 2nd period - Shot Misses the Net.
8:45 of 2nd period - Shot by Brian Rolston.
8:45 of 2nd period - Shot Misses the Net.
8:47 of 2nd period - Shot by Chris Higgins.
8:47 of 2nd period - Stopped by Henrik Lundqvist without a rebound.
8:48 of 2nd period - Dan Cleary wins face-off versus Olli Jokinen in Rangers zone.
9:32 of 2nd period - Minor Penalty to Radim Vrbata for Hooking.
9:33 of 2nd period - Rod Brind'Amour wins face-off versus Pavol Demitra in Rangers zone.
9:39 of 2nd period - Icing by Kim Johnsson.
9:40 of 2nd period - Rod Brind'Amour wins face-off versus Pavol Demitra in Wild zone.
9:40 of 2nd period - Minor Penalty to Keith Carney for Diving.
9:41 of 2nd period - Pavol Demitra wins face-off versus Rod Brind'Amour in Wild zone.
9:41 of 2nd period - Pavol Demitra is hit by Rod Brind'Amour.
10:01 of 2nd period - Bryan Mccabe is hit by Martin Straka and loses puck.
11:45 of 2nd period - Shot by Marian Gaborik.
11:45 of 2nd period - Shot Misses the Net.
11:49 of 2nd period - Shot by Wes Walz.
11:49 of 2nd period - Stopped by Henrik Lundqvist without a rebound.
11:50 of 2nd period - Radim Vrbata wins face-off versus Wes Walz in Rangers zone.
11:50 of 2nd period - Radim Vrbata is hit by Jean-Pierre Vigier.
13:28 of 2nd period - Martin Straka is hit by Rod Brind'Amour and loses puck.
14:09 of 2nd period - Shot by Brendan Shanahan.
14:09 of 2nd period - Shot Misses the Net.
14:48 of 2nd period - Shot by Karel Rachunek.
14:48 of 2nd period - Stopped by Manny Legace without a rebound.
14:49 of 2nd period - Jarkko Immonen wins face-off versus Pavol Demitra in Wild zone.
15:08 of 2nd period - Shot by Teemu Selanne.
15:08 of 2nd period - Deflect By Rod Brind'Amour.
15:08 of 2nd period - Stopped by Manny Legace without a rebound.
15:09 of 2nd period - Matt Cullen wins face-off versus Olli Jokinen in Wild zone.
15:20 of 2nd period - Matt Cullen is hit by Marian Gaborik and loses puck.
16:08 of 2nd period - Icing by Mark Bell.
16:09 of 2nd period - Wes Walz wins face-off versus Radim Vrbata in Rangers zone.
16:23 of 2nd period - Radim Vrbata is hit by Jean-Pierre Vigier and loses puck.
16:55 of 2nd period - Shot by Rod Brind'Amour.
16:55 of 2nd period - Stopped by Manny Legace without a rebound.
16:56 of 2nd period - Rod Brind'Amour wins face-off versus Pavol Demitra in Wild zone.
17:14 of 2nd period - Shot by Brian Rolston.
17:14 of 2nd period - Stopped by Henrik Lundqvist without a rebound.
17:15 of 2nd period - Arron Asham wins face-off versus Olli Jokinen in Rangers zone.
17:15 of 2nd period - Arron Asham is hit by Martin Straka.
17:37 of 2nd period - Shot by Olli Jokinen.
17:37 of 2nd period - Stopped by Henrik Lundqvist with a rebound.
17:41 of 2nd period - Shot by Martin Straka.
17:41 of 2nd period - Stopped by Henrik Lundqvist with a rebound.
17:43 of 2nd period - Shot by Marian Gaborik.
17:43 of 2nd period - Goal by Marian Gaborik - Wild : 1 - Rangers : 1.
17:44 of 2nd period - Rod Brind'Amour wins face-off versus Pavol Demitra in neutral zone.
17:53 of 2nd period - Shot by Rod Brind'Amour.
17:53 of 2nd period - Shot Blocked by Kim Johnsson.
18:25 of 2nd period - Shot by Pavol Demitra.
18:25 of 2nd period - Shot Blocked by Bryan Mccabe.
18:36 of 2nd period - Icing by Duncan Keith.
18:37 of 2nd period - Jan Bulis wins face-off versus Brian Rolston in Wild zone.
18:37 of 2nd period - Minor Penalty to Brian Rolston for Hooking.
18:38 of 2nd period - Dan Cleary wins face-off versus Olli Jokinen in Wild zone.
18:56 of 2nd period - Sergei Zubov is hit by Sean Hill and loses puck.
19:07 of 2nd period - Shot by Sergei Zubov.
19:07 of 2nd period - Goal by Sergei Zubov - Wild : 1 - Rangers : 2.
19:08 of 2nd period - Jean-Pierre Vigier wins face-off versus Radim Vrbata in neutral zone.
19:26 of 2nd period - Shot by Wes Walz.
19:26 of 2nd period - Shot Blocked by Michal Rozsival.

Period #3

0:01 of 3rd period - Arron Asham wins face-off versus Olli Jokinen in neutral zone.
1:01 of 3rd period - Shot by Brian Rolston.
1:01 of 3rd period - Stopped by Henrik Lundqvist without a rebound.
1:02 of 3rd period - Rod Brind'Amour wins face-off versus Wes Walz in Rangers zone.
1:40 of 3rd period - Shot by Wes Walz.
1:40 of 3rd period - Stopped by Henrik Lundqvist without a rebound.
1:41 of 3rd period - Pavol Demitra wins face-off versus Radim Vrbata in Rangers zone.
1:53 of 3rd period - Shot by Chris Higgins.
1:53 of 3rd period - Deflect By Brian Rolston.
1:53 of 3rd period - Shot Blocked by Darius Kasparaitis.
1:57 of 3rd period - Shot by Chris Higgins.
1:57 of 3rd period - Stopped by Henrik Lundqvist with a rebound.
2:01 of 3rd period - Shot by Pavol Demitra.
2:01 of 3rd period - Stopped by Henrik Lundqvist with a rebound.
2:13 of 3rd period - Shot by Pavol Demitra.
2:13 of 3rd period - Stopped by Henrik Lundqvist without a rebound.
2:14 of 3rd period - Rod Brind'Amour wins face-off versus Olli Jokinen in Rangers zone.
2:14 of 3rd period - Rod Brind'Amour is hit by Martin Straka.
2:30 of 3rd period - Shot by Teemu Selanne.
2:30 of 3rd period - Shot Blocked by Filip Kuba.
2:34 of 3rd period - Shot by Rod Brind'Amour.
2:34 of 3rd period - Stopped by Manny Legace with a rebound.
2:47 of 3rd period - Olli Jokinen is hit by Teemu Selanne and loses puck.
3:43 of 3rd period - Mikael Samuelsson is hit by Jan Bulis and loses puck.
3:55 of 3rd period - Icing by Jan Bulis.
3:56 of 3rd period - Brian Rolston wins face-off versus Radim Vrbata in Rangers zone.
5:03 of 3rd period - Shot by Teemu Selanne.
5:03 of 3rd period - Shot Blocked by Marian Gaborik.
5:07 of 3rd period - Shot by Teemu Selanne.
5:07 of 3rd period - Deflect By Rod Brind'Amour.
5:07 of 3rd period - Shot Misses the Net.
5:13 of 3rd period - Shot by Teemu Selanne.
5:13 of 3rd period - Shot Misses the Net.
5:25 of 3rd period - Shot by Teemu Selanne.
5:25 of 3rd period - Shot Misses the Net.
5:27 of 3rd period - Shot by Rod Brind'Amour.
5:27 of 3rd period - Shot Misses the Net.
5:31 of 3rd period - Shot by Teemu Selanne.
5:31 of 3rd period - Goal by Teemu Selanne - Wild : 1 - Rangers : 3.
5:31 of 3rd period - Manny Fernandez enters game.
5:32 of 3rd period - Arron Asham wins face-off versus Wes Walz in neutral zone.
6:30 of 3rd period - Shot by Teemu Selanne.
6:30 of 3rd period - Stopped by Manny Fernandez with a rebound.
7:08 of 3rd period - Off-side.
7:09 of 3rd period - Radim Vrbata wins face-off versus Olli Jokinen in neutral zone.
7:13 of 3rd period - Minor Penalty to Mark Bell for Slashing.
7:14 of 3rd period - Olli Jokinen wins face-off versus Brendan Shanahan in Wild zone.
8:25 of 3rd period - Shot by Brian Rolston.
8:25 of 3rd period - Stopped by Henrik Lundqvist without a rebound.
8:26 of 3rd period - Brendan Shanahan wins face-off versus Pavol Demitra in Rangers zone.
8:26 of 3rd period - Brendan Shanahan is hit by Duncan Keith.
9:16 of 3rd period - Shot by Chris Higgins.
9:16 of 3rd period - Shot Blocked by Sergei Zubov.
10:34 of 3rd period - Shot by Brian Rolston.
10:34 of 3rd period - Deflect By Olli Jokinen.
10:34 of 3rd period - Shot Blocked by Bryan Mccabe.
10:54 of 3rd period - Shot by Jan Bulis.
10:54 of 3rd period - Stopped by Manny Fernandez without a rebound.
10:55 of 3rd period - Olli Jokinen wins face-off versus Jan Bulis in Wild zone.
11:14 of 3rd period - Shot by Olli Jokinen.
11:14 of 3rd period - Stopped by Henrik Lundqvist without a rebound.
11:15 of 3rd period - Pavol Demitra wins face-off versus Arron Asham in Rangers zone.
11:24 of 3rd period - Shot by Martin St. Louis.
11:24 of 3rd period - Shot Blocked by Duncan Keith.
11:26 of 3rd period - Shot by Arron Asham.
11:26 of 3rd period - Stopped by Manny Fernandez without a rebound.
11:27 of 3rd period - Olli Jokinen wins face-off versus Matt Cullen in Wild zone.
11:34 of 3rd period - Shot by Marian Gaborik.
11:34 of 3rd period - Stopped by Henrik Lundqvist without a rebound.
11:35 of 3rd period - Rod Brind'Amour wins face-off versus Pavol Demitra in Rangers zone.
11:40 of 3rd period - Shot by Teemu Selanne.
11:40 of 3rd period - Goal by Teemu Selanne - Wild : 1 - Rangers : 4.
11:41 of 3rd period - Pavol Demitra wins face-off versus Mark Bell in neutral zone.
12:24 of 3rd period - Minor Penalty to Duncan Keith for Holding.
12:25 of 3rd period - Pavol Demitra wins face-off versus Dan Cleary in Wild zone.
12:54 of 3rd period - Shot by Sergei Zubov.
12:54 of 3rd period - Shot Blocked by Olli Jokinen.
13:38 of 3rd period - Shot by Bryan Mccabe.
13:38 of 3rd period - Stopped by Manny Fernandez with a rebound.
13:48 of 3rd period - Shot by Rod Brind'Amour.
13:48 of 3rd period - Deflect By Teemu Selanne.
13:48 of 3rd period - Stopped by Manny Fernandez with a rebound.
13:50 of 3rd period - Shot by Bryan Mccabe.
13:50 of 3rd period - Shot Misses the Net.
13:52 of 3rd period - Shot by Bryan Mccabe.
13:52 of 3rd period - Stopped by Manny Fernandez without a rebound.
13:53 of 3rd period - Pavol Demitra wins face-off versus Owen Nolan in Wild zone.
13:53 of 3rd period - Pavol Demitra is hit by Owen Nolan.
14:26 of 3rd period - Shot by Brendan Shanahan.
14:26 of 3rd period - Stopped by Manny Fernandez without a rebound.
14:27 of 3rd period - Rod Brind'Amour wins face-off versus Wes Walz in Wild zone.
14:36 of 3rd period - Shot by Teemu Selanne.
14:36 of 3rd period - Stopped by Manny Fernandez without a rebound.
14:37 of 3rd period - Mikael Samuelsson wins face-off versus Radim Vrbata in Wild zone.
15:15 of 3rd period - Wes Walz is hit by Darius Kasparaitis and loses puck.
15:26 of 3rd period - Shot by Chris Higgins.
15:26 of 3rd period - Deflect By Olli Jokinen.
15:26 of 3rd period - Shot Misses the Net.
15:28 of 3rd period - Shot by Brian Rolston.
15:28 of 3rd period - Shot Misses the Net.
15:50 of 3rd period - Icing by Sean Hill.
15:51 of 3rd period - Rod Brind'Amour wins face-off versus Olli Jokinen in Wild zone.
15:51 of 3rd period - Teemu Selanne is hit by Olli Jokinen and loses puck.
15:58 of 3rd period - Shot by Brian Rolston.
15:58 of 3rd period - Shot Misses the Net.
16:02 of 3rd period - Shot by Olli Jokinen.
16:02 of 3rd period - Shot Misses the Net.
16:04 of 3rd period - Shot by Filip Kuba.
16:04 of 3rd period - Shot Misses the Net.
16:06 of 3rd period - Shot by Chris Higgins.
16:06 of 3rd period - Goal by Chris Higgins - Wild : 2 - Rangers : 4.
16:07 of 3rd period - Arron Asham wins face-off versus Pavol Demitra in neutral zone.
16:22 of 3rd period - Off-side.
16:23 of 3rd period - Rod Brind'Amour wins face-off versus Wes Walz in neutral zone.
16:34 of 3rd period - Icing by Rod Brind'Amour.
16:35 of 3rd period - Olli Jokinen wins face-off versus Rod Brind'Amour in Rangers zone.
16:54 of 3rd period - Shot by Olli Jokinen.
16:54 of 3rd period - Shot Misses the Net.
16:56 of 3rd period - Shot by Olli Jokinen.
16:56 of 3rd period - Stopped by Henrik Lundqvist without a rebound.
16:57 of 3rd period - Wes Walz wins face-off versus Arron Asham in Rangers zone.
17:26 of 3rd period - Shot by Jean-Pierre Vigier.
17:26 of 3rd period - Shot Misses the Net.
17:56 of 3rd period - Shot by Brian Rolston.
17:56 of 3rd period - Shot Misses the Net.
17:58 of 3rd period - Shot by Kim Johnsson.
17:58 of 3rd period - Stopped by Henrik Lundqvist without a rebound.
17:59 of 3rd period - Olli Jokinen wins face-off versus Rod Brind'Amour in Rangers zone.
17:59 of 3rd period - Filip Kuba is hit by Karel Rachunek and loses puck.
18:13 of 3rd period - Shot by Marian Gaborik.
18:13 of 3rd period - Shot Misses the Net.
18:15 of 3rd period - Shot by Marian Gaborik.
18:15 of 3rd period - Goal by Marian Gaborik - Wild : 3 - Rangers : 4.
18:16 of 3rd period - Pavol Demitra wins face-off versus Radim Vrbata in neutral zone.
18:22 of 3rd period - Brian Rolston is hit by Bryan Mccabe and loses puck.
18:34 of 3rd period - Brian Rolston is hit by Darius Kasparaitis and loses puck.
18:42 of 3rd period - Mark Bell is hit by Chris Higgins and loses puck.
18:55 of 3rd period - Shot by Radim Vrbata.
18:55 of 3rd period - Shot Misses the Net.
19:09 of 3rd period - Wild, Manny Fernandez is pulled from the net.
19:23 of 3rd period - Shot by Filip Kuba.
19:23 of 3rd period - Shot Blocked by Sergei Zubov.
19:25 of 3rd period - Shot by Marian Gaborik.
19:25 of 3rd period - Stopped by Henrik Lundqvist without a rebound.
19:26 of 3rd period - Wes Walz wins face-off versus Matt Cullen in Rangers zone.


Output by the SimonT Hockey Simulator (STHS) for Stephane Roy -- Original Page W3C XHTML 1.0 Valid